[ AOE2 MATCH · #495349403 ]
UnrankedTurks vs Huns
Player's team · WIN
Rival team · LOSS
[ REPLAY ANALYSIS · EXTRACTED FROM THE RECORDED GAME ]
Feudal
9:17
Castle
17:50
Imperial
—
| APM avg | 60.7 |
| APM peak | 129 |
| eAPM avg | 36.7 |
| Villagers / military | 66 / 95 |
Focus
⚔️ 62.7% · 🌾 37.3%
Scout Cavalry ×73 · Scorpion ×17 · Mangonel ×4 · Camel Scout ×1
Feudal
11:48
Castle
15:56
Imperial
—
| APM avg | 54.7 |
| APM peak | 95 |
| eAPM avg | 28.8 |
| Villagers / military | 108 / 57 |
Focus
⚔️ 33.5% · 🌾 66.5%
Cavalry Archer ×53 · Mangonel ×4
Match map
Initial resources + every placement click. Lines = walls · curves = elevation contours. ◆ gold · ⬟ stone · ● berries · ✦ relic · ◌ wall gap
Your base· ✓ Closed at 17:50 · 10t walls · no gate
TabA_Leonidas's base· ✓ Closed at 15:56 · 51t walls · no gate
Smoothed initial terrain · ◌ = detected wall gap · hover for details
Inputs per minute
— Tacacá - - TabA_Leonidas
Build order — Tacacá
First 150 of 283 actions detected
| 0:01 | Queue | Villager (Male) ×4 |
| 0:02 | Build | House |
| 0:02 | Build | House |
| 1:26 | Queue | Villager (Male) |
| 1:26 | Queue | Villager (Male) |
| 1:46 | Queue | Villager (Male) |
| 1:46 | Queue | Villager (Male) |
| 2:10 | Queue | Villager (Male) |
| 2:10 | Queue | Villager (Male) |
| 2:16 | Build | Lumber Camp |
| 2:47 | Queue | Villager (Male) |
| 2:47 | Queue | Villager (Male) |
| 3:06 | Queue | Villager (Male) |
| 3:06 | Queue | Villager (Male) |
| 3:36 | Queue | Villager (Male) |
| 3:36 | Queue | Villager (Male) |
| 3:54 | Build | House |
| 4:06 | Queue | Villager (Male) |
| 4:07 | Queue | Villager (Male) |
| 4:07 | Queue | Villager (Male) |
| 4:20 | Build | House |
| 4:40 | Build | Mill |
| 4:47 | Queue | Villager (Male) |
| 4:47 | Queue | Villager (Male) |
| 5:07 | Queue | Villager (Male) |
| 5:07 | Queue | Villager (Male) |
| 5:07 | Queue | Villager (Male) |
| 5:07 | Queue | Villager (Male) |
| 5:49 | Research | Loom |
| 6:12 | Research | Loom |
| 6:14 | Queue | Villager (Male) |
| 6:15 | Research | Loom |
| 7:02 | Build | Lumber Camp |
| 7:07 | Research | Feudal Age |
| 7:07 | Research | Feudal Age |
| 8:07 | Build | Barracks |
| 8:26 | Build | House |
| 9:02 | Queue | Villager (Male) |
| 9:03 | Queue | Villager (Male) |
| 9:17 | Age | Feudal Age |
| 9:18 | Build | Stable |
| 9:42 | Research | Double-Bit Axe |
| 9:57 | Build | House |
| 10:00 | Queue | Villager (Male) |
| 10:03 | Queue | Scout Cavalry |
| 10:03 | Queue | Scout Cavalry |
| 10:07 | Build | Farm |
| 10:17 | Research | Horse Collar |
| 10:17 | Research | Horse Collar |
| 10:19 | Queue | Villager (Male) |
| 10:36 | Build | Farm |
| 10:53 | Queue | Villager (Male) |
| 10:54 | Build | Farm |
| 11:09 | Build | Farm |
| 11:20 | Queue | Villager (Male) |
| 11:23 | Build | Farm |
| 11:25 | Build | Farm |
| 11:36 | Queue | Villager (Male) |
| 11:38 | Build | Farm |
| 11:49 | Build | Farm |
| 11:55 | Queue | Villager (Male) |
| 12:04 | Build | Mining Camp |
| 12:21 | Queue | Villager (Male) |
| 12:22 | Build | Farm |
| 12:54 | Queue | Villager (Male) |
| 12:57 | Build | Market |
| 13:11 | Build | Market |
| 13:18 | Queue | Villager (Male) |
| 13:25 | Build | House |
| 13:26 | Build | House |
| 13:28 | Build | House |
| 13:29 | Queue | Villager (Male) |
| 13:39 | Build | House |
| 13:40 | Build | House |
| 13:42 | Build | Palisade Wall |
| 14:13 | Queue | Villager (Male) |
| 14:19 | Build | House |
| 14:29 | Build | House |
| 14:30 | Build | House |
| 14:30 | Queue | Villager (Male) |
| 15:00 | Build | Farm |
| 15:07 | Build | House |
| 15:10 | Research | Castle Age |
| 15:10 | Research | Castle Age |
| 15:18 | Build | House |
| 15:28 | Build | House |
| 15:33 | Build | House |
| 15:44 | Queue | Scout Cavalry |
| 16:00 | Build | Farm |
| 16:03 | Build | Farm |
| 16:16 | Build | Farm |
| 16:48 | Queue | Scout Cavalry |
| 16:50 | Research | Wheelbarrow |
| 16:56 | Build | Blacksmith |
| 17:05 | Queue | Scout Cavalry |
| 17:13 | Build | Farm |
| 17:15 | Build | Farm |
| 17:26 | Build | Farm |
| 17:31 | Research | Bloodlines |
| 17:31 | Research | Bloodlines |
| 17:45 | Queue | Villager (Male) |
| 17:46 | Research | Scale Barding Armor |
| 17:46 | Research | Scale Barding Armor |
| 17:50 | Age | Castle Age |
| 17:51 | Build | Siege Workshop |
| 18:03 | Queue | Villager (Male) |
| 18:07 | Research | Husbandry |
| 18:07 | Research | Husbandry |
| 18:12 | Build | Stable |
| 18:15 | Build | House |
| 18:17 | Build | House |
| 18:19 | Build | House |
| 18:23 | Build | House |
| 18:30 | Build | House |
| 18:31 | Queue | Scorpion |
| 18:35 | Build | Palisade Wall |
| 18:37 | Queue | Villager (Male) |
| 18:41 | Build | Farm |
| 18:47 | Queue | Scout Cavalry |
| 18:58 | Build | Farm |
| 19:09 | Queue | Villager (Male) |
| 19:17 | Research | Chain Barding Armor |
| 19:17 | Research | Chain Barding Armor |
| 19:22 | Build | Farm |
| 19:29 | Queue | Villager (Male) |
| 19:43 | Build | Farm |
| 19:44 | Build | Farm |
| 19:52 | Queue | Scorpion |
| 19:52 | Queue | Scorpion |
| 19:57 | Queue | Villager (Male) |
| 20:01 | Build | Farm |
| 20:18 | Queue | Villager (Male) |
| 20:19 | Queue | Scorpion |
| 20:19 | Queue | Scorpion |
| 20:28 | Queue | Scout Cavalry |
| 20:28 | Queue | Scout Cavalry |
| 20:32 | Build | Farm |
| 20:44 | Queue | Villager (Male) |
| 20:46 | Queue | Scout Cavalry |
| 20:46 | Queue | Scout Cavalry |
| 20:46 | Queue | Scout Cavalry |
| 21:00 | Queue | Scorpion |
| 21:00 | Queue | Scorpion |
| 21:03 | Queue | Scout Cavalry |
| 21:04 | Queue | Scout Cavalry |
| 21:05 | Queue | Villager (Male) |
| 21:07 | Build | Farm |
| 21:24 | Queue | Scorpion |
| 21:24 | Queue | Scorpion |
| 21:27 | Research | Forging |
Build order — TabA_Leonidas
First 150 of 264 actions detected
| 0:00 | Queue | Villager (Male) |
| 0:04 | Queue | Villager (Male) |
| 0:05 | Queue | Villager (Male) |
| 0:05 | Queue | Villager (Male) |
| 1:09 | Queue | Villager (Male) |
| 1:28 | Queue | Villager (Male) |
| 2:03 | Queue | Villager (Male) |
| 2:24 | Queue | Villager (Male) |
| 2:43 | Queue | Villager (Male) |
| 2:43 | Queue | Villager (Male) |
| 3:13 | Build | Lumber Camp |
| 3:20 | Queue | Villager (Male) |
| 3:25 | Queue | Villager (Male) |
| 3:50 | Queue | Villager (Male) |
| 4:00 | Queue | Villager (Male) |
| 4:29 | Queue | Villager (Male) |
| 4:39 | Build | Palisade Wall |
| 5:01 | Queue | Villager (Male) |
| 5:14 | Build | Mill |
| 5:32 | Queue | Villager (Male) |
| 5:32 | Queue | Villager (Male) |
| 5:49 | Queue | Villager (Male) |
| 5:55 | Build | Palisade Wall |
| 6:26 | Build | Farm |
| 6:30 | Build | Palisade Wall |
| 6:32 | Build | Palisade Wall |
| 6:50 | Queue | Villager (Male) |
| 7:08 | Queue | Villager (Male) |
| 7:32 | Build | Palisade Wall |
| 7:33 | Build | Palisade Wall |
| 7:50 | Build | Palisade Wall |
| 7:57 | Queue | Villager (Male) |
| 7:58 | Build | Farm |
| 8:15 | Build | Farm |
| 8:25 | Queue | Villager (Male) |
| 8:26 | Research | Loom |
| 8:33 | Build | Palisade Wall |
| 8:48 | Build | Mining Camp |
| 9:16 | Build | Barracks |
| 9:38 | Research | Feudal Age |
| 9:53 | Queue | Villager (Male) |
| 9:55 | Queue | Villager (Male) |
| 11:48 | Age | Feudal Age |
| 11:49 | Build | Archery Range |
| 11:51 | Build | Blacksmith |
| 11:55 | Queue | Villager (Male) |
| 12:15 | Build | Farm |
| 12:17 | Build | Farm |
| 12:30 | Queue | Villager (Male) |
| 12:37 | Research | Fletching |
| 12:38 | Build | Farm |
| 13:16 | Research | Castle Age |
| 13:22 | Build | Lumber Camp |
| 13:28 | Research | Fletching |
| 13:28 | Research | Fletching |
| 13:56 | Research | Double-Bit Axe |
| 13:56 | Research | Double-Bit Axe |
| 14:07 | Build | Farm |
| 14:57 | Build | Archery Range |
| 15:07 | Research | Horse Collar |
| 15:09 | Queue | Villager (Male) |
| 15:24 | Build | Farm |
| 15:24 | Build | Farm |
| 15:56 | Age | Castle Age |
| 15:57 | Queue | Cavalry Archer |
| 15:57 | Queue | Cavalry Archer |
| 15:59 | Queue | Villager (Male) |
| 16:02 | Build | Palisade Gate |
| 16:06 | Research | Bow Saw |
| 16:09 | Research | Bodkin Arrow |
| 16:18 | Queue | Cavalry Archer |
| 16:20 | Queue | Cavalry Archer |
| 16:21 | Queue | Cavalry Archer |
| 16:24 | Queue | Villager (Male) |
| 16:47 | Queue | Villager (Male) |
| 16:57 | Queue | Cavalry Archer |
| 16:57 | Queue | Cavalry Archer |
| 17:11 | Queue | Cavalry Archer |
| 17:11 | Queue | Cavalry Archer |
| 17:12 | Queue | Villager (Male) |
| 17:20 | Build | Farm |
| 17:20 | Build | Farm |
| 17:24 | Build | Farm |
| 17:26 | Build | Farm |
| 17:27 | Queue | Villager (Male) |
| 17:34 | Queue | Villager (Male) |
| 17:45 | Queue | Cavalry Archer |
| 17:46 | Queue | Cavalry Archer |
| 17:48 | Queue | Villager (Male) |
| 18:01 | Queue | Villager (Male) |
| 18:03 | Queue | Cavalry Archer |
| 18:03 | Queue | Cavalry Archer |
| 18:22 | Queue | Cavalry Archer |
| 18:29 | Research | Bow Saw |
| 18:42 | Queue | Villager (Male) |
| 18:55 | Queue | Villager (Male) |
| 18:59 | Queue | Cavalry Archer |
| 18:59 | Queue | Cavalry Archer |
| 19:19 | Queue | Villager (Male) |
| 19:35 | Queue | Cavalry Archer |
| 19:37 | Queue | Cavalry Archer |
| 19:39 | Queue | Villager (Male) |
| 19:43 | Build | Town Center |
| 20:11 | Queue | Villager (Male) |
| 20:15 | Queue | Cavalry Archer |
| 20:15 | Queue | Cavalry Archer |
| 20:28 | Build | Stable |
| 20:33 | Research | Town Watch |
| 20:33 | Research | Town Watch |
| 20:37 | Queue | Villager (Male) |
| 20:53 | Build | Lumber Camp |
| 20:56 | Queue | Villager (Male) |
| 21:03 | Queue | Villager (Male) |
| 21:11 | Queue | Villager (Male) |
| 21:15 | Queue | Cavalry Archer |
| 21:15 | Queue | Cavalry Archer |
| 21:15 | Queue | Cavalry Archer |
| 21:29 | Queue | Villager (Male) |
| 21:38 | Queue | Villager (Male) |
| 21:39 | Queue | Cavalry Archer |
| 21:39 | Queue | Cavalry Archer |
| 21:42 | Queue | Villager (Male) |
| 21:55 | Build | Town Center |
| 22:03 | Queue | Villager (Male) |
| 22:09 | Queue | Villager (Male) |
| 22:17 | Research | Wheelbarrow |
| 22:20 | Queue | Cavalry Archer |
| 22:20 | Queue | Cavalry Archer |
| 22:27 | Queue | Villager (Male) |
| 22:44 | Queue | Villager (Male) |
| 22:53 | Build | Farm |
| 23:00 | Build | Siege Workshop |
| 23:02 | Queue | Villager (Male) |
| 23:12 | Build | Lumber Camp |
| 23:15 | Queue | Villager (Male) |
| 23:27 | Queue | Villager (Male) |
| 23:27 | Queue | Villager (Male) |
| 23:32 | Build | Farm |
| 23:33 | Build | Farm |
| 23:34 | Queue | Villager (Male) |
| 23:44 | Queue | Villager (Male) |
| 23:46 | Build | Farm |
| 23:58 | Queue | Villager (Male) |
| 24:01 | Build | Farm |
| 24:06 | Queue | Mangonel |
| 24:09 | Queue | Villager (Male) |
| 24:23 | Build | Palisade Wall |
| 24:27 | Queue | Villager (Male) |
| 24:29 | Queue | Villager (Male) |
| 24:30 | Queue | Cavalry Archer |
Match timeline
| 4:39 | TabA_Leonidas · wall_segment Palisade Wall x10 |
| 5:55 | TabA_Leonidas · wall_segment Palisade Wall x20 |
| 6:30 | TabA_Leonidas · wall_segment Palisade Wall x1 |
| 6:32 | TabA_Leonidas · wall_segment Palisade Wall x8 |
| 7:32 | TabA_Leonidas · wall_segment Palisade Wall x1 |
| 7:33 | TabA_Leonidas · wall_segment Palisade Wall x6 |
| 7:50 | TabA_Leonidas · wall_segment Palisade Wall x2 |
| 8:07 | Tacacá · first_building Barracks |
| 8:33 | TabA_Leonidas · wall_segment Palisade Wall x3 |
| 9:16 | TabA_Leonidas · first_building Barracks |
| 9:17 | Tacacá · age_up feudal |
| 9:18 | Tacacá · first_building Stable |
| 11:48 | TabA_Leonidas · age_up feudal |
| 11:49 | TabA_Leonidas · first_building Archery Range |
| 13:42 | Tacacá · wall_segment Palisade Wall x10 |
| 14:33 | Tacacá · first_market_sell 500 stone |
| 14:34 | Tacacá · first_market_buy 100 food |
| 15:56 | TabA_Leonidas · age_up castle |
| 17:50 | Tacacá · age_up castle |
| 17:51 | Tacacá · first_building Siege Workshop |
| 18:35 | Tacacá · wall_segment Palisade Wall x1 |
| 20:28 | TabA_Leonidas · first_building Stable |
| 23:00 | TabA_Leonidas · first_building Siege Workshop |
| 24:23 | TabA_Leonidas · wall_segment Palisade Wall x2 |
| 24:40 | TabA_Leonidas · wall_segment Palisade Wall x4 |
| 26:12 | TabA_Leonidas · wall_segment Palisade Wall x1 |
| 27:11 | TabA_Leonidas · wall_segment Palisade Wall x4 |
| 27:34 | TabA_Leonidas · wall_segment Palisade Wall x1 |
| 28:20 | TabA_Leonidas · wall_segment Palisade Wall x1 |
| 28:59 | TabA_Leonidas · wall_segment Palisade Wall x4 |
| 29:01 | TabA_Leonidas · wall_segment Palisade Wall x1 |
| 29:13 | TabA_Leonidas · wall_segment Palisade Wall x3 |
| 29:51 | TabA_Leonidas · wall_segment Palisade Wall x2 |
| 30:00 | TabA_Leonidas · wall_segment Palisade Wall x2 |
| 30:47 | TabA_Leonidas · first_building Castle |
| 30:52 | TabA_Leonidas · wall_segment Palisade Wall x1 |
| 32:05 | TabA_Leonidas · resign |
[ AI ANALYSIS · 1 CREDIT ]
What really happened in this match?
Wolo.gg analyzes every decision: build order, eco, micro, common mistakes by bracket. Personalized analysis on WhatsApp or Discord in 30 seconds.
Civ guide
Turks
Perfil
Jugador #18917671